AoeStats
← HarrySzczypior

Glade

503142904Analyzed
1v1 RM · 1mo ago on Aug 30, 2026· 25m 16s· 2 players
Game mode
Random Map
Map size
Tiny (2 player)
Population
200
Speed
Normal
Resources
Standard
Victory
Conquest
Starting age
Dark Age
Ending age
Imperial Age
RankedLock teamsTeams togetherTeam positionsShared explorationLock speedFull tech treeHidden civsTurbo modeCheats
Victory
Defeat
🇩🇰 Khmer · Denmark
1037
+17
🇵🇱 Britons · Poland
1051
-48
jonas-ingerslev
5:23 Loom
10:55 Feudal Age
11:56 Double-Bit Axe
14:28 Castle Age
15:15 Scale Barding Armor
20:42 Forging
23:00 Chain Barding Armor
23:58 Husbandry
25:30 Stone Mining
HarrySzczypior
11:11 Loom
14:49 Feudal Age
16:12 Wheelbarrow
15:23 Town Watch
17:09 Man-at-Arms
Connection lost

Rejoining the realm…

Still unreachable

The connection could not be restored.

Session expired

The server has moved on; the page needs a fresh start.